 Dungeon Crawl Stone Soup version 0.23-a0-644-gb60d84b (webtiles) character file.

480 Borgoz the Ruffian (level 7, 0/56 HPs)
             Began as a Ghoul Gladiator on Jan 1, 2019.
             Slain by an ogre
             ... wielding a +0 giant club
              (11 damage)
             ... on level 4 of the Dungeon.
             The game lasted 00:08:48 (3229 turns).

Borgoz the Ruffian (Ghoul Gladiator)                Turns: 3229, Time: 00:08:49

Health: 0/56       AC: 11    Str: 18    XL:     7   Next: 11%
Magic:  6/6        EV:  8    Int:  5    God:
Gold:   170        SH:  0    Dex: 12    Spells: 6/6 levels left

rFire    . . .     SeeInvis .     - Unarmed
rCold    + . .     Gourm    .   (no shield)
rNeg     + + +     Faith    .   h - +0 chain mail
rPois    ∞         Spirit   .   b - +0 helmet
rElec    .         Reflect  .   (no cloak)
rCorr    .         Harm     .   (no gloves)
MR       .....                  k - +0 pair of boots
Stlth    ..........             s - amulet of regeneration
HPRegen  0.00/turn              r - +2 ring of intelligence
MPRegen  0.10/turn              (no ring)

@: rotting
A: rotting body, claws 1, carnivore, cold resistance 1, negative energy
resistance 3, inhibited regeneration, torment resistance, unbreathing
a: no special abilities


You were on level 4 of the Dungeon.
You were not hungry.

You visited 1 branch of the dungeon, and saw 4 of its levels.
You also visited: Sewer.

You collected 170 gold pieces.

Inventory:

Missiles
 c - 3 throwing nets (quivered)
 p - 3 tomahawks
Armour
 b - a +0 helmet (worn)
 h - a +0 chain mail (worn)
 k - a +0 pair of boots (worn)
Jewellery
 i - an uncursed ring of poison resistance
 l - an uncursed ring of fire
 q - an uncursed ring of magical power
 r - a +2 ring of intelligence (left claw)
 s - an amulet of regeneration (around neck)
Scrolls
 j - 5 scrolls of remove curse
 m - a scroll of enchant weapon {unknown}
 n - 3 scrolls of teleportation
 v - a scroll of fear {unknown}
Potions
 a - 2 potions of magic
 e - a potion of heal wounds
 f - a potion of mutation {unknown}
 g - 3 potions of haste
 t - a potion of brilliance
 u - a potion of curing
 w - 2 potions of degeneration {unknown}
 x - a potion of agility {unknown}
 z - a potion of might {unknown}
Comestibles
 d - 10 rations


   Skills:
 + Level 2.9 Fighting
 - Level 1.7 Throwing
 + Level 3.0 Armour
 + Level 3.6 Dodging
 + Level 6.7 Unarmed Combat


You had 6 spell levels left.
You didn't know any spells.
Your spell library was empty.

Dungeon Overview and Level Annotations

Branches:
Dungeon (4/15)
 Temple: D:4-7

Altars:
Fedhas
Ru


Innate Abilities, Weirdness & Mutations

Your body is rotting away.
You thrive on raw meat.
You are immune to poison.
You have sharp fingernails.
You are carnivorous and can eat meat at any time.
Your flesh is cold resistant. (rC+)
You are immune to negative energy. (rN+++)
You do not regenerate when monsters are visible.
You are immune to unholy pain and torment.
You can survive without breathing.


Message History

The ogre is lightly wounded.
You completely miss the ogre.
The ogre is lightly wounded.
The ogre barely misses you.
You claw the ogre!
The ogre is moderately wounded.
The ogre hits you with a +0 giant club!!
You are too injured to fight recklessly!
You are too injured to fight recklessly!
You are too injured to fight recklessly!
You scratch the ogre.
The ogre is heavily wounded.
You barely miss the ogre.
The ogre is heavily wounded.
The ogre hits you with a +0 giant club!
* * * LOW HITPOINT WARNING * * *
You scratch the ogre.
The ogre is heavily wounded.
The ogre hits you with a +0 giant club!
You die...

#........# #.....#.##..#.####.
#.....##.###.#####.##.........
#.....###...## #.##.##÷####.
####.#.### ##.## #.##.##..# #.
#......# #.# ..##.###.# #.
#.##.### #.# ####.# #.###. #
#.# #.# #.###.##.. #.#
#.#####.####.....>... #.#
#...@O.......###.##.# #. #.#
#######.#### #..... #.##.##
#..... #.#...## ##.#.#
#......## #.#.# #...<...#
..#.# #...<..## ## #.#
#.#...## #. #.# #.##<## #. #.#


You could see an ogre.

Vanquished Creatures
  Sigmund (D:3)
  A howler monkey (D:4)
  A hound (D:4)
  An orc priest (D:2)
  A worker ant (D:4)
  7 adders
  3 oozes (D:3)
  An adder skeleton (D:4)
  3 worms
  A dart slug (D:1)
  6 leopard geckos
  6 orcs
  9 giant cockroaches
  6 goblins
  6 hobgoblins
  5 jackals (Sewer)
  18 kobolds
  2 quokkas
  6 ball pythons
  8 bats
  8 frilled lizards
  10 rats
  4 plants (Sewer)
114 creatures vanquished.

Notes
Turn   | Place    | Note
-------+----------+-------------------------------------------
     0 | D:1      | Borgoz the Ghoul Gladiator began the quest for the Orb.
     0 | D:1      | Reached XP level 1. HP: 17/17 MP: 0/0
   108 | D:1      | Reached XP level 2. HP: 19/24 MP: 1/1
   442 | D:1      | Reached XP level 3. HP: 29/29 MP: 2/2
   810 | D:2      | Reached skill level 1 in Armour
   848 | D:2      | Reached skill level 4 in Unarmed Combat
   888 | D:2      | Reached XP level 4. HP: 30/37 MP: 3/3
  1275 | D:2      | Reached XP level 5. HP: 39/42 MP: 4/4
  1455 | D:3      | Noticed Sigmund
  1479 | D:3      | Killed Sigmund
  1479 | D:3      | Reached skill level 5 in Unarmed Combat
  1479 | D:3      | Reached XP level 6. HP: 31/50 MP: 5/5
  1589 | D:3      | Found a blossoming altar of Fedhas.
  1636 | D:3      | Found a glowing drain.
  1662 | Sewer    | Entered a sewer
  1712 | Sewer    | Reached skill level 6 in Unarmed Combat
  2543 | D:3      | Found a sacrificial altar of Ru.
  2998 | D:4      | Reached XP level 7. HP: 49/56 MP: 6/6
  3229 | D:4      | Slain by an ogre

Vault maps used:
D:1:      psy_arrival_statuary
D:2:      hangedman_abyss_or_decor_lesser_grid
D:3:      overflow_temple_1_default, fedhas_ov_isle_minmay,
          gup_sewer_entry_pipe, uniq_sigmund
Sewer:    sewer_co_scattered_pipes

Skill      XL: |  1  2  3  4  5  6  7 |
---------------+----------------------+-----
Dodging        | 3 |  3.6
Armour         | 1 2 3 |  3.0
Unarmed Combat | 4 5 6 |  6.7
Fighting       | |  2.9
Throwing       | |  1.7

Action                   |  1- 3 |  4- 6 |  7- 9 || total
-------------------------+-------+-------+-------++-------
Melee: Unarmed           |   131 |   343 |    15 ||   489
       Punch             |     2 |    11 |       ||    13
  Use: Scroll            |     1 |     7 |       ||     8
       Potion            |       |     4 |       ||     4
  Eat: Chunk             |    10 |    13 |     1 ||    24
Armor: Leather armour    |     8 |       |       ||     8
       Chain mail        |    49 |   142 |     2 ||   193
Dodge: Dodged            |    71 |   104 |     4 ||   179

Table legend:
 A = Non-vault XP
 B = Vault XP
 C = Vault XP percentage of total XP
 D = Non-vault monster count
 E = Vault monster count
 F = Vault count percentage of total count
                 A         B        C        D         E       F
            +---------+---------+-------+---------+---------+-------
      Total |     384 |     302 |  44.0 |      80 |      30 |  27.3
            +---------+---------+-------+---------+---------+-------
        D:1 |      38 |       0 |   0.0 |      24 |       0 |   0.0
        D:2 |     134 |       0 |   0.0 |      31 |       0 |   0.0
        D:3 |      60 |     243 |  80.2 |      17 |       9 |  34.6
        D:4 |     152 |       0 |   0.0 |       8 |       0 |   0.0
      Sewer |       0 |      59 | 100.0 |       0 |      21 | 100.0
            +---------+---------+-------+---------+---------+-------
